 Dungeon Crawl Stone Soup version 0.30.0-5-g1a98f26d00 (webtiles) character file.

Game seed: 9028345948029579595

105 Darkkill the Shooter (level 4, -4/37 HPs)
             Began as a Minotaur Hunter on May 8, 2023.
             Slain by an orc priest
             ... wielding a +0 mace
              (8 damage)
             ... on level 3 of the Dungeon.
             The game lasted 00:04:27 (1633 turns).

Darkkill the Shooter (Minotaur Hunter)              Turns: 1633, Time: 00:04:28

Health: -4/37      AC:  4    Str: 15    XL:     4   Next: 53%
Magic:  3/3        EV: 12    Int:  6    God:
Gold:   111        SH:  0    Dex: 16    Spells: 3/3 levels left

rFire   . . .        a - +0 shortbow
rCold   . . .        (shield currently unavailable)
rNeg    . . .        c - +0 leather armour
rPois   .            f - +1 hat
rElec   .            (no cloak)
rCorr   .            (no gloves)
SInv    .            (no boots)
Will    .....        (no amulet)
Stlth   +            (no ring)
HPRegen 0.26/turn    (no ring)
MPRegen 0.08/turn

%: no passive effects
@: confused
A: horns 2, retaliatory headbutt
a: no special abilities


You were on level 3 of the Dungeon.
You visited 1 branch of the dungeon, and saw 3 of its levels.

You collected 111 gold pieces.

Inventory:

Hand Weapons
 a - a +0 shortbow (weapon)
Armour
 c - a +0 leather armour (worn)
 f - a +1 hat (worn)
Scrolls
 b - a scroll of immolation
Potions
 g - a potion of haste
 h - a potion of magic {unknown}
 i - a potion of heal wounds {unknown}
 j - a potion of brilliance
 k - a potion of berserk rage {unknown}
 l - a potion of curing {unknown}


   Skills:
 + Level 2.8 Fighting
 + Level 5.8 Ranged Weapons
 + Level 2.0 Armour
 + Level 2.5 Dodging
 + Level 1.0 Stealth


You had 3 spell levels left.
You didn't know any spells.
Your spell library was empty.

Dungeon Overview and Level Annotations

Branches:
Dungeon (3/15)

Altars:

Shops:
D:2 ?


Innate Abilities, Weirdness & Mutations

You have a pair of horns on your head.
You reflexively headbutt those who attack you in melee.


Message History

Aim: an orc wizard, wielding a +0 dagger and wearing a +0 robe (56% to hit)
You shoot an arrow. The arrow barely misses the orc wizard.
The orc barely misses you.
Fire: a) +0 shortbow
Press: ? - help, Q - select action Shift-Dir - straight line, f/p - orc wizard
Aim: an orc wizard, wielding a +0 dagger and wearing a +0 robe (56% to hit)
You shoot an arrow. The arrow hits the orc wizard!
The orc wizard is severely wounded.
The orc misses you.
The orc wizard gestures at you while chanting.
You are confused.
The orc hits you with a +0 club.
The orc wizard gestures at you while chanting.
The magic dart hits you. The orc priest barely misses you.
Non-targeted confused fire: a) +0 shortbow
Press: ? - help, Q - select action Dir - look around, f - activate You shoot an arrow.
The orc barely misses you. The orc priest hits you with a +0 mace.
* * * LOW HITPOINT WARNING * * *
The orc wizard closely misses you.
You clumsily bash the orc but do no damage.
You headbutt the orc.
You kill the orc!
The orc priest hits you with a +0 mace.
* * * LOW HITPOINT WARNING * * *
The orc priest looks braver for a moment.
The orc wizard closely misses you.
You bump into the rock wall.
The orc priest closely misses you. The kobold barely misses you.
The orc wizard hits you with a +0 dagger.
* * * LOW HITPOINT WARNING * * *
Unknown command.
Unknown command.
You're too confused to move!
The orc priest miscasts a cantrip.
The kobold misses you.
The orc wizard hits you but does no damage.
Unknown command.
You're too confused to move!
The orc priest hits you with a +0 mace!
You die...

<.....#
.....
.....
....
#####.)##
#....>o.
#....oK#
#....o@#
#......#
#......#
#......#
#......#
#..<...#
#......#
#......#
#......#


You could see 2 orc priests, an orc wizard and a kobold.

Vanquished Creatures
  Jessica (D:2)
  An orc wizard (D:3)
  An adder (D:2)
  3 dart slugs
  An orc (D:3)
  4 endoplasms
  A goblin (D:2)
  7 hobgoblins
  3 jackals (D:1)
  A quokka (D:1)
  7 ball pythons
  2 frilled lizards (D:1)
  3 kobolds
  2 rats (D:1)
37 creatures vanquished.

Notes
Turn   | Place    | Note
-------+----------+-------------------------------------------
     0 | D:1      | Darkkill the Minotaur Hunter began the quest for the Orb.
     0 | D:1      | Reached XP level 1. HP: 18/18 MP: 0/0
   166 | D:1      | Reached XP level 2. HP: 25/25 MP: 1/1
   202 | D:1      | Reached skill level 5 in Ranged Weapons
   434 | D:1      | Reached XP level 3. HP: 30/30 MP: 2/2
   835 | D:2      | Reached skill level 1 in Armour
   901 | D:2      | Found Xuawnain's Magic Scroll Emporium.
  1037 | D:2      | Noticed Jessica
  1038 | D:2      | Killed Jessica
  1153 | D:2      | Reached XP level 4. HP: 37/37 MP: 3/3
  1625 | D:3      | Reached skill level 1 in Stealth
  1633 | D:3      | Slain by an orc priest

Illustrated notes

Levels and vault maps discovered:
D:1:      onia_arrival_mini_maze_b, layout_basic, grunt_decor_clamped,
          due_unseen_surprise
D:2:      layout_basic, serial_shops, nicolae_shop_tiny_real_fake_doors,
          uniq_jessica
D:3:      layout_basic, lemuel_crystal_altar

Skill      XL: |  1  2  3  4 |
---------------+-------------+-----
Ranged Weapons | 5 |  5.8
Armour         | 1 2 |  2.0
Stealth        | 1 |  1.0
Fighting       | |  2.8
Dodging        | |  2.5

Action                     |  1- 3 |  4- 6 || total
---------------------------+-------+-------++-------
  Melee: Shortbow          |       |     1 ||     1
         Headbutt          |       |     1 ||     1
   Fire: Shortbow          |    98 |    17 ||   115
    Use: Scroll            |     3 |     4 ||     7
 Armour: Leather armour    |     7 |     3 ||    10
  Dodge: Dodged            |    21 |     9 ||    30
